 Dungeon Crawl Stone Soup version 0.25-a0-566-g062765be81 (webtiles) character file.

Game seed: 13079367643242314972, levelgen mode: deterministic

221 DerDa the Firebug (level 5, -3/35 HPs)
             Began as a Demonspawn Fire Elementalist on Feb 28, 2020.
             Slain by a gnoll
             ... wielding a +0 spear
              (4 damage)
             ... on level 4 of the Dungeon.
             The game lasted 00:08:37 (2959 turns).

DerDa the Firebug (Demonspawn Fire Elementalist)    Turns: 2959, Time: 00:08:37

Health: -3/35      AC:  7    Str:  8    XL:     5   Next: 65%
Magic:  4/10       EV: 12    Int: 17    God:
Gold:   235        SH:  0    Dex: 14    Spells: 10/11 levels left

rFire    . . .     SeeInvis .   q - +1 spear (venom)
rCold    . . .     Gourm    .   (no shield)
rNeg     . . .     Faith    .   a - +0 robe
rPois    .         Spirit   .   f - +1 helmet
rElec    .         Reflect  .   k - +0 cloak
rCorr    .         Harm     .   (no gloves)
MR       .....                  (no boots)
Stlth    +++.......             (no amulet)
HPRegen  0.11/turn              (no ring)
MPRegen  0.12/turn              (no ring)

@: no status effects
A: hooves 1, thin metallic scales 1, demonic guardian 1, nightstalker 1
a: no special abilities


You were on level 4 of the Dungeon.
You were hungry.

You visited 1 branch of the dungeon, and saw 4 of its levels.

You collected 235 gold pieces.

Inventory:

Hand Weapons
 q - a +1 spear of venom (weapon)
Missiles
 b - 132 stones (quivered)
 d - 13 poisoned darts
Armour
 a - a +0 robe (worn)
 f - a +1 helmet (worn)
 k - a +0 cloak (worn)
Jewellery
 s - an uncursed ring of wizardry {unknown}
Wands
 o - a wand of random effects (15)
 t - a wand of disintegration (15)
Scrolls
 i - 2 scrolls of enchant weapon
 m - 3 scrolls of teleportation
 r - a scroll of immolation {unknown}
Potions
 e - 4 potions of curing
 h - 2 potions of brilliance {unknown}
 j - a potion of resistance
 l - a potion of lignification {unknown}
 n - 3 potions of magic {unknown}
 p - a potion of mutation {unknown}
Comestibles
 c - 6 rations


   Skills:
 - Level 1.7 Dodging
 - Level 1.7 Stealth
 * Level 3.5 Spellcasting
 * Level 3.3 Conjurations
 * Level 4.0 Fire Magic


You had 10 spell levels left.
You knew the following spells:

 Your Spells              Type           Power        Failure   Level  Hunger
a - Foxfire               Conj/Fire      ###.         3%          1    None

Your spell library contained the following spells:

 Spells                   Type           Power        Failure   Level  Hunger
 Conjure Flame            Conj/Fire      ###.....     11%         3    ###....
 Inner Flame              Hex/Fire       #.......     22%         3    ###....
 Sticky Flame             Conj/Fire      ###.....     36%         4    ####...
 Fireball                 Conj/Fire      ###.......   71%         5    ######.


Dungeon Overview and Level Annotations

Branches:
Dungeon (4/15)
 Temple: D:4-7

Altars:
Ashenzari
Dithmenos
Qazlal
Xom


Innate Abilities, Weirdness & Mutations

You have large cloven feet.
You are partially covered in thin metallic scales. (AC +2)
A weak demonic guardian rushes to your aid.
You are slightly more attuned to the shadows.


Message History

The gnoll misses you.
Your iron imp hits the gnoll.
Your foxfire dissipates!
The foxfire hits the gnoll.
The gnoll is heavily wounded.
There is an open door here.
Your iron imp hits the gnoll.
The gnoll barely misses your iron imp.
Your iron imp disappears in a puff of smoke!
Casting: Foxfire (safe; 3% risk of failure)
Confirm with . or Enter, or press ? or * to list all spells.
You conjure some foxfire!
The gnoll hits you with a +0 whip.
* * * LOW HITPOINT WARNING * * *
Casting: Foxfire (safe; 3% risk of failure)
Confirm with . or Enter, or press ? or * to list all spells.
You conjure some foxfire!
The foxfire hits the gnoll.
The gnoll is heavily wounded.
The foxfire hits the gnoll.
The gnoll is heavily wounded.
The gnoll completely misses you.
The gnoll hits you from afar with a +0 spear.
You die...

#.....#
####.....###
##..##'##...#
#.......#...#######
#...<...#..........
+.......#..........
#.......#..........
##.####+#..........
#.#v@g........####
..#§g.........# ..
#..5g.......# ...#
#...........#....+
#...........#...#
#.....##'####...##
#.....#..........#
#.....#[.........+
......+..........#


You could see 3 gnolls and a friendly iron imp.

Vanquished Creatures
  4 gnolls
  5 adders
  3 oozes
  A worm (D:2)
  3 leopard geckos
  2 orcs (D:3)
  A ball python (D:1)
  8 bats
  A giant cockroach (D:1)
  5 goblins
  5 hobgoblins
  5 jackals (D:1)
  A quokka (D:3)
  4 frilled lizards (D:2)
  7 kobolds
  12 rats
  2 butterflies (D:3)
69 creatures vanquished.

Vanquished Creatures (collateral kills)
  A bullfrog (D:3)
  A gnoll (D:2)
2 creatures vanquished.

Vanquished Creatures (others)
  182 foxfires
182 creatures vanquished.

Grand Total: 253 creatures vanquished

Notes
Turn   | Place    | Note
-------+----------+-------------------------------------------
     0 | D:1      | DerDa the Demonspawn Fire Elementalist began the quest for
                  | the Orb.
     0 | D:1      | Reached XP level 1. HP: 13/13 MP: 3/3
   111 | D:1      | Gained mutation: You have large cloven feet. [demonic
                  | ancestry]
   111 | D:1      | Reached XP level 2. HP: 19/19 MP: 0/5
   206 | D:1      | Reached skill level 3 in Fire Magic
   595 | D:1      | Gained mutation: A weak demonic guardian rushes to your
                  | aid. [demonic ancestry]
   595 | D:1      | Reached XP level 3. HP: 24/24 MP: 1/6
  1317 | D:2      | Gained mutation: You are partially covered in thin metallic
                  | scales. (AC +2) [demonic ancestry]
  1317 | D:2      | Reached XP level 4. HP: 13/30 MP: 0/8
  1588 | D:2      | Found a shadowy altar of Dithmenos.
  1736 | D:2      | Found a shattered altar of Ashenzari.
  1766 | D:2      | Found a stormy altar of Qazlal.
  2303 | D:3      | Gained mutation: You are slightly more attuned to the
                  | shadows. [demonic ancestry]
  2303 | D:3      | Reached XP level 5. HP: 35/35 MP: 5/9
  2330 | D:3      | Found a shimmering altar of Xom.
  2578 | D:3      | Reached skill level 4 in Fire Magic
  2958 | D:4      | HP: 1/35 [gnoll/+0 whip (4)]
  2959 | D:4      | Slain by a gnoll

Levels and vault maps discovered:
D:1:      erik_arrival_gehennom, layout_basic
D:2:      minmay_evil_eye, layout_rooms, old_standard_altar, old_standard_altar,
          grunt_dithmenos_smoke
D:3:      layout_basic, xom_butterflies
D:4:      layout_gridville, yredelemnul_forgotten_temple_becter,
          portal_sewer_entry_f

Skill      XL: |  1  2  3  4  5 |
---------------+----------------+-----
Fire Magic     | 3 4 |  4.0
Conjurations   | 2 3 |  3.3
Spellcasting   | 3 |  3.5
Dodging        | |  1.7
Stealth        | |  1.7

Action                   |  1- 3 |  4- 6 || total
-------------------------+-------+-------++-------
Melee: Unarmed           |    11 |       ||    11
       Club              |    12 |    11 ||    23
       Kick              |     2 |     4 ||     6
       Spear             |       |    18 ||    18
 Cast: Foxfire           |    52 |    70 ||   122
  Use: Potion            |     3 |     1 ||     4
       Scroll            |       |     8 ||     8
 Stab: Sleeping          |       |     2 ||     2
       Distracted        |       |     1 ||     1
  Eat: Chunk             |     1 |     5 ||     6
Armor: Robe              |    10 |    15 ||    25
Dodge: Dodged            |    37 |    36 ||    73

Table legend:
 A = Non-vault XP
 B = Vault XP
 C = Vault XP percentage of total XP
 D = Non-vault monster count
 E = Vault monster count
 F = Vault count percentage of total count
                 A         B        C        D         E       F
            +---------+---------+-------+---------+---------+-------
      Total |     294 |      22 |   7.0 |      60 |       9 |  13.0
            +---------+---------+-------+---------+---------+-------
        D:1 |      36 |      18 |  33.3 |      20 |       5 |  20.0
        D:2 |     112 |       4 |   3.4 |      21 |       4 |  16.0
        D:3 |     132 |       0 |   0.0 |      18 |       0 |   0.0
        D:4 |      14 |       0 |   0.0 |       1 |       0 |   0.0
            +---------+---------+-------+---------+---------+-------
